 Dungeon Crawl Stone Soup version 0.16-a0-3330-g2931290 (webtiles) character file.

48 Chiseanne the Magician (level 3, 2/24 HPs)
             Began as a Demonspawn Wizard on Dec 28, 2014.
             Quit the game on level 2 of the Dungeon.
             The game lasted 00:03:55 (1473 turns).

Chiseanne the Magician (Demonspawn Wizard)          Turns: 1473, Time: 00:03:55

Health: 2/24       AC:  1    Str:  7    XL:     3   Next: 50%
Magic:  0/9        EV: 12    Int: 21    God:
Gold:   60         SH:  0    Dex: 11    Spells: 4 memorised, 1 level left

rFire  . . .     SeeInvis .     e - +2 spear (freeze)
rCold  . . .     Clarity  .     a - +0 robe
rNeg   . . .     SustAb   .     (no shield)
rPois  .         Gourm    .     b - +0 hat
rElec  .         Spirit   .     m - -2 cloak (curse)
rCorr  .         Warding  .     (no gloves)
rMut   .         Stasis   .     (no boots)
MR     .....                    j - amulet of rage
Stlth  ++........               (no ring)
                                h - +1 ring of intelligence

@: lethally poisoned, very slightly contaminated, repel missiles, not resistant
to hostile enchantments, unstealthy
A: claws 1
a: Evoke Berserk Rage


You were on level 2 of the Dungeon.
You were not hungry.

You visited 1 branch of the dungeon, and saw 2 of its levels.

You collected 60 gold pieces.

Inventory:

Hand weapons
 e - a +2 spear of freezing (weapon)
Armour
 a - a +0 robe (worn)
 b - a +0 hat (worn)
 m - a cursed -2 cloak (worn)
Jewellery
 h - a +1 ring of intelligence (left claw)
 j - an amulet of rage (around neck)
Magical devices
 o - a wand of enslavement (16)
Scrolls
 f - a scroll of identify
 g - a scroll of immolation
Books
 c - a book of Minor Magic

   Spells                             Type                      Level
   a - Magic Dart                     Conjuration                  1
   b - Blink                          Translocation                2
   c - Call Imp                       Summoning                    2
   d - Repel Missiles                 Charms/Air                   2
   e - Slow                           Hexes                        2
   f - Conjure Flame                  Conjuration/Fire             3
   g - Mephitic Cloud                 Conjuration/Poison/Air       3
Comestibles
 d - 4 bread rations
 l - a meat ration


   Skills:
 - Level 1.7 Dodging
 - Level 1.7 Stealth
 * Level 4.1 Spellcasting
 * Level 1.6 Conjurations
   Level 1.0 Summonings
   Level 0.8 Translocations


You had one spell level left.
You knew the following spells:

 Your Spells              Type           Power        Failure   Level  Hunger
a - Magic Dart            Conj           ##..         8%          1    None
b - Conjure Flame         Conj/Fire      #.......     30%         3    ###....
c - Mephitic Cloud        Conj/Pois/Air  #.......     30%         3    ###....
d - Repel Missiles        Chrm/Air       #.....       17%         2    #......


Dungeon Overview and Level Annotations

Branches:
Dungeon (2/15)

Altars:


Innate Abilities, Weirdness & Mutations

You have sharp fingernails.


Message History

You barely miss the giant mite.
The giant mite is severely wounded.
You feel sick. The giant mite bites you.
* * * LOW HITPOINT WARNING * * *
You hit the giant mite. You freeze the giant mite.
You kill the giant mite!
* * * LOW HITPOINT WARNING * * *
You feel sick.
You aren't carrying any potions.
* * * LOW HITPOINT WARNING * * *
You feel sick.
Found 6 gold pieces.
* * * LOW HITPOINT WARNING * * *
You feel sick.
Read which item? (? for menu, Esc to quit)
Okay, then.
There is a lethal amount of poison in your body!
There is a lethal amount of poison in your body!
There is a lethal amount of poison in your body!
Are you sure you want to abandon this character and quit the game? (Confirm with "yes".)

#....>....#
#.####....#####
*#########.#.......))...
#$.......#.#..........##
#........#.#..........##
#........#.#............
#...........####........
#...........# #........
#......@....#**#...)....
##.............+........
#..........####.....###
#..........# ##'#+####
#..........# #........
#..........# #........
*..........# #........
**#########* #........
###.#.####


There were no monsters in sight!

Vanquished Creatures
  Terence (D:2)
  A giant mite (D:2)
  A worm (D:2)
  A giant gecko (D:1)
  An ooze (D:1)
  A bat (D:1)
  A giant cockroach (D:1)
  3 goblins (D:2)
  2 hobgoblins (D:2)
  2 jackals (D:2)
  2 kobolds (D:2)
  A giant newt (D:1)
  4 rats
21 creatures vanquished.

Notes
Turn   | Place    | Note
--------------------------------------------------------------
     0 | D:1      | Chiseanne, the Demonspawn Wizard, began the quest for the Orb.
     0 | D:1      | Reached XP level 1. HP: 13/13 MP: 4/4
   439 | D:1      | Gained mutation: You have sharp fingernails. [demonic ancestry]
   439 | D:1      | Reached XP level 2. HP: 14/19 MP: 0/6
  1008 | D:2      | Noticed Terence
  1035 | D:2      | Killed Terence
  1035 | D:2      | Reached XP level 3. HP: 21/24 MP: 8/8
  1120 | D:2      | Learned a level 3 spell: Conjure Flame
  1124 | D:2      | Learned a level 3 spell: Mephitic Cloud
  1127 | D:2      | Learned a level 2 spell: Repel Missiles
  1343 | D:2      | Reached skill level 4 in Spellcasting
  1473 | D:2      | Quit the game

Action                   || total
-------------------------++-------
Melee: Spear             ||    32
 Cast: Magic Dart        ||    45
       Repel Missiles    ||     1
  Use: Potion            ||     2
       Scroll            ||     7
 Stab: Sleeping          ||     1
  Eat: Chunk             ||     2
